 Dungeon Crawl Stone Soup version 0.31-a0-7-g51783674b7 (webtiles) character file.

Game seed: 14664176447703065662

48898 ders the Devastator (level 14, -1/68 HPs)
             Began as a Gargoyle Earth Elementalist on May 5, 2023.
             Was a High Priest of Vehumet.
             Slain by Erolcha
             ... wielding a +0 giant spiked club
              (30 damage)
             ... on level 1 of the Orcish Mines on May 6, 2023.
             The game lasted 00:37:54 (23275 turns).

ders the Devastator (Gargoyle Earth Elementalist)  Turns: 23275, Time: 00:37:55

Health: -1/68      AC: 16    Str: 10    XL:     14   Next: 48%
Magic:  2/29       EV: 11    Int: 29    God:    Vehumet [*****.]
Gold:   1655       SH: 15    Dex: 16    Spells: 9/35 levels left

rFire   + . .        C - staff of conjuration
rCold   + + .        t - +3 warlock's mirror {omnireflect}
rNeg    + + +        S - +0 robe "Voojoe" {Will+}
rPois   ∞            p - +0 helmet
rElec   +            X - scarf {shadows}
rCorr   .            A - +1 pair of gloves {Dex+3}
SInv    .            Q - +0 pair of boots "Lyr Ruan" {Dex+4}
Will    ++...        g - amulet of reflection
Stlth   ++           v - +6 ring of intelligence
HPRegen 0.31/turn    z - ring "Denuk" {rElec rF+ rC+++ rN++ Str-3}
MPRegen 0.21/turn

%: reflection
@: flying, very slightly contaminated
A: sickness immunity, AC +10, big wings, negative energy resistance 1,
electricity resistance, torment resistance 1, petrification resistance, clever
1, cold vulnerability 1
a: Renounce Religion


You were on level 1 of the Orcish Mines.
You worshipped Vehumet.
Vehumet was extremely pleased with you.
You visited 4 branches of the dungeon, and saw 17 of its levels.
You also visited: Sewer.

You collected 1965 gold pieces.
You spent 310 gold pieces at shops.

Inventory:

Hand Weapons
 b - a +1 vampiric dagger
 k - the +5 sling "Zawijeec" {flame, +Blink rElec rC+ Str-4}
   (You found it in a sewer)

   Str:       It affects your strength (-4).
   rC:        It protects you from cold.
   rElec:     It insulates you from electricity.
   +Blink:    It lets you blink.
Armour
 a - a +1 robe
 p - a +0 helmet (worn)
 t - the +3 warlock's mirror (worn) {omnireflect}
   (You acquired it on level 5 of the Dungeon)

   Omnireflect: It can block and reflect piercing ranged attacks and magical
   attacks against the wielder's willpower.
 A - a +1 pair of gloves of dexterity (worn)
 Q - the +0 pair of boots "Lyr Ruan" (worn) {Dex+4}
   (You acquired it on level 1 of the Lair of Beasts)

   Dex:       It affects your dexterity (+4).
 S - the +0 robe "Voojoe" (worn) {Will+}
   (You found it on level 3 of the Lair of Beasts)

   Will:      It increases your willpower.
 W - +0 fire dragon scales
 X - a scarf of shadows (worn)
Magical Staves
 B - a staff of earth
 C - a staff of conjuration (weapon)
Jewellery
 c - an amulet of guardian spirit
 g - an amulet of reflection (around neck)
 v - a +6 ring of intelligence (left hand)
 z - the ring "Denuk" (right hand) {rElec rF+ rC+++ rN++ Str-3}
   (You took it off an orc priest on level 8 of the Dungeon)

   [ring of protection from fire]

   Str:       It affects your strength (-3).
   rF:        It protects you from fire.
   rC:        It renders you almost immune to cold.
   rElec:     It insulates you from electricity.
   rN:        It greatly protects you from negative energy.
 F - a ring of ice
 H - a +4 ring of slaying
 I - a ring of willpower
 K - a +5 ring of evasion
Wands
 i - a wand of polymorph (11)
 w - a wand of iceblast (2)
 J - a wand of quicksilver (1)
 O - a wand of flame (16)
 V - a wand of mindburst (5)
Scrolls
 f - 4 scrolls of noise
 h - a scroll of blinking
 l - 6 scrolls of enchant weapon
 o - a scroll of poison
 s - 3 scrolls of fog
 y - 4 scrolls of enchant armour
 L - a scroll of amnesia
 P - 5 scrolls of teleportation
 U - 2 scrolls of identify
Potions
 d - 4 potions of attraction
 e - 2 potions of ambrosia
 j - 7 potions of might
 m - a potion of invisibility
 n - 7 potions of heal wounds
 q - 3 potions of lignification
 r - a potion of resistance
 u - a potion of brilliance
 x - 4 potions of flight
 D - a potion of berserk rage {unknown}
 E - 11 potions of curing
 G - 14 potions of degeneration
 M - a potion of haste
 R - 2 potions of cancellation {unknown}
 T - 3 potions of mutation {unknown}
Miscellaneous
 N - a piece from Xom's chessboard (15/15)


   Skills:
 - Level 2.1 Ranged Weapons
 - Level 1.5 Dodging
 - Level 2.1 Stealth
 + Level 11.4 Shields
 + Level 11.3 Spellcasting
 * Level 16.2 Conjurations
 - Level 0.7 Transmutations
 + Level 14.7 Earth Magic


You had 9 spell levels left.
You knew the following spells:

 Your Spells              Type           Power      Damage    Failure   Level
a - Sandblast             Erth           100%       2d20      0%          1
b - Fireball              Conj/Fire      38%        3d16      1%          5
c - Irradiate             Conj/Tmut      39%        3d24      1%          5
d - Orb of Destruction    Conj           52%        9d13      1%          7
e - Lee's Rapid Deconstr  Erth           40%        3d20*     1%          5
f - Stone Arrow           Conj/Erth      100%       3d13      0%          3

Your spell library contained the following spells:

 Spells                   Type           Power      Damage    Failure   Level
 Passwall                 Tmut/Erth      47%        N/A       1%          2
 Static Discharge         Conj/Air       100%       2-7/arc   1%          2
 Hailstorm                Conj/Ice       76%        3d16      1%          3
 Animate Armour           Summ/Erth      100%       N/A       1%          4
 Petrify                  Tmut/Erth      57%        N/A       1%          4
 Airstrike                Air            8%         2d(2-18)  11%         4
 Gell's Gravitas          Tloc           16%        N/A       12%         3
 Summon Guardian Golem    Hex/Summ       16%        N/A       12%         3
 Teleport Other           Tloc           16%        N/A       12%         3
 Lehudib's Crystal Spear  Conj/Erth      51%        10d12     13%         8
 Spellforged Servitor     Conj/Summ      38%        N/A       30%         7
 Ice Form                 Ice/Tmut       18%        N/A       34%         4
 Summon Lightning Spire   Summ/Air       16%        N/A       38%         4
 Dispersal                Tloc           8%         N/A       99%         6
 Simulacrum               Ice/Necr       8%         N/A       99%         6
 Sublimation of Blood     Necr           Unusable   N/A       N/A         2

Dungeon Overview and Level Annotations

Branches:
Dungeon (10/15)            Temple (1/1) D:7            Lair (5/5) D:10
 Shoals (0/4) Lair:2       Spider (0/4) Lair:2        Slime (0/5) Lair:5
    Orc (1/2) D:10          Sewer (visited)

Altars:
Ashenzari
Cheibriados
Dithmenos
Elyvilon
Fedhas
Gozag
Hepliaklqana
Kikubaaqudgha
Makhleb
Nemelex Xobeh
Okawaru
Qazlal
Ru
Sif Muna
Trog
Uskayaw
Vehumet
Wu Jian
Xom
Yredelemnul
Zin
The Shining One

Shops:
D:1 =   D:6 !   D:10 *

Annotations:
D:3 3 runed translucent doors, Dittersdorf's ghost, amateur GrFi
D:10 exclusion: obsidian statue
Lair:2 3 runed translucent doors, BlueFish's ghost, journeyman OpFi
Orc:1 Erolcha


Innate Abilities, Weirdness & Mutations

You are immune to sickness and miasma.
Your stone body is resilient. (AC +10)
You are immune to poison.
Your large and strong wings let you fly.
You resist negative energy. (rN+)
You are resistant to electric shocks. (rElec)
You are resistant to unholy torment.
You are immune to petrification.
Your mind is acute. (Int +4, Str/Dex -1)
You are vulnerable to cold. (rC-)


Message History

Aiming: Stone Arrow (safe; 0% risk of failure)
Press: ? - help, Shift-Dir - straight line, f/p - Erolcha
Aim: Erolcha, wielding a +0 giant spiked club, wearing a +0 robe and carrying a wand of charming (6) (moderately wounded, 87% to hit)
You feel a surge of power!
The stone arrow misses Erolcha.
Erolcha points at you and mumbles some strange words.
The fireball explodes!
The fireball engulfs you! You resist.
You hear a shout!
Erolcha mumbles some strange words.
Erolcha flickers and vanishes!
Deactivating autopickup; reactivate with Ctrl-A.
You block the orc warrior's attack.
An orc wizard comes into view. It is wielding a +0 dagger. x2
An orc warrior comes into view. It is wielding a +0 hand axe.
The orc warrior shouts!
You block the orc wizard's attack. You block the orc warrior's attack.
A warg comes into view.
The orc wizard attacks as you move away!
The orc wizard hits you with a +0 dagger.
An orc warrior comes into view. It is wielding a +0 battleaxe.
The orc warrior shouts!
You hear a shout!
You block the orc's attack.
The orc warrior hits you but does no damage.
An orc comes into view. It is wielding a +0 dagger.
The orc wizard attacks as you move away!
You block the orc wizard's attack.
An orc comes into view. It is wielding a +0 trident.
The warg howls!
Something hits you!!
The orc warrior hits you from afar with a +0 halberd.
An orc comes into view.
It is wielding a +2 dagger of protection.
An orc priest comes into view. It is wielding a +0 whip.
The orc shouts!
As you read the scroll of fog, it crumbles to dust.
The scroll dissolves into smoke.
You hear a shout! x2
You block the orc warrior's attack.
An orc priest comes into view. It is wielding a +0 short sword.
An orc wizard comes into view. It is wielding a +0 dagger.
You block the orc warrior's attack. Something hits you!!
You die...

##.## ###...##
#......## ....
##......######....
#......#.#.#o....
#..........#.o.....
....#....o.o......#
....##..oo..o)..#
... ###§@oo<..# ..
#.oh§......#
......)...o..§.
.......###...o..
......## ...o..
#.....# ###.§.
...oo# ...


You could see a warg, 3 orc warriors, 2 orc priests, 4 orc wizards and 4 orcs.

Vanquished Creatures
  Josephine (D:10)
  2 fire dragons
  An ice dragon (D:10)
  4 hydras
  5 two-headed ogres
  A centaur warrior (D:10)
  14 death yaks
  A fire crab (Lair:5)
  2 skeletal warriors (D:10)
  A deep elf pyromancer (D:10)
  An ugly thing (D:10)
  A manticore (D:10)
  A cyclops (D:10)
  7 black mambas
  3 cane toads
  2 molten gargoyles (Lair:5)
  A demonic crawler (Lair:2)
  A torpor snail (Lair:5)
  11 komodo dragons
  6 rime drakes
  2 kobold demonologists
  A freezing wraith (D:10)
  4 trolls (D:10)
  A polar bear (Lair:5)
  3 blink frogs (Lair:3)
  4 wyverns
  41 yaks
  A shadow (D:10)
  7 wraiths
  6 basilisks
  3 steam dragons
  A vampire mosquito (D:10)
  2 acid dragons
  14 water moccasins
  3 hell hounds (Lair:5)
  A swamp drake (D:10)
  3 sky beasts
  5 orc warriors
  A hornet zombie (D:6)
  2 ogres
  A black bear (D:5)
  6 wolves (Lair:2)
  3 phantoms
  8 centaurs
  10 kobold brigands
  8 bullfrogs
  2 gnoll sergeants
  7 scorpions
  15 wights
  7 killer bees
  4 howler monkeys
  2 bullfrog zombies (D:6)
  5 lava snakes (Lair:5)
  3 hounds
  6 orc priests
  3 jellies
  2 bullfrog skeletons (D:6)
  A centaur skeleton (D:6)
  4 iguanas
  3 sleepcaps
  13 orc wizards
  7 hell rats
  A killer bee zombie (D:6)
  A howler monkey zombie (D:6)
  15 gnolls
  13 adders
  10 river rats (Lair:2)
  4 shadow imps
  2 ufetubi (D:6)
  A dart slug (D:4)
  4 worms
  46 orcs
  16 ball pythons
  13 endoplasms
  15 giant cockroaches
  10 goblins
  6 hobgoblins
  8 jackals
  35 kobolds
  16 quokkas
  2 bats
  14 frilled lizards
  11 kobold skeletons (D:9)
  7 kobold zombies (D:9)
  8 rats
549 creatures vanquished.

Vanquished Creatures (others)
  An orc priest (D:9)
  5 fungi
  25 plants
  4 withered plants (D:6)
35 creatures vanquished.

Grand Total: 584 creatures vanquished

Notes
Turn   | Place    | Note
-------+----------+-------------------------------------------
     0 | D:1      | ders the Gargoyle Earth Elementalist began the quest for
                  | the Orb.
     0 | D:1      | Reached XP level 1. HP: 10/10 MP: 3/3
   390 | D:1      | Reached XP level 2. HP: 15/15 MP: 3/5
   504 | D:1      | Found Maughius's Jewellery Shop.
   970 | D:1      | Reached XP level 3. HP: 19/19 MP: 4/6
  1631 | D:2      | Reached XP level 4. HP: 24/24 MP: 6/8
  2209 | D:3      | Found a glowing drain.
  2219 | Sewer    | Entered a sewer
  2285 | Sewer    | Reached skill level 5 in Earth Magic
  2572 | Sewer    | Reached XP level 5. HP: 28/28 MP: 7/10
  2867 | Sewer    | Reached XP level 6. HP: 17/32 MP: 5/12
  2933 | Sewer    | Identified the +5 sling "Zawijeec" {flame, +Blink rElec rC+
                  | Str-4}
  3589 | D:3      | Found a runed translucent gate.
  3593 | D:3      | Found a runed translucent gate.
  3594 | D:3      | Found a runed translucent gate.
  3966 | D:3      | Noticed Dittersdorf's ghost (amateur GrFi)
  4086 | D:4      | Reached skill level 5 in Spellcasting
  4086 | D:4      | Reached XP level 7. HP: 36/36 MP: 11/14
  4107 | D:4      | Learned a level 3 spell: Stone Arrow
  4400 | D:4      | Reached skill level 1 in Conjurations
  4531 | D:4      | Reached skill level 1 in Ranged Weapons
  4753 | D:5      | Entered Level 5 of the Dungeon
  4799 | D:5      | Reached skill level 2 in Conjurations
  5057 | D:5      | Found a snail-covered altar of Cheibriados.
  5059 | D:5      | Found a sacrificial altar of Ru.
  5128 | D:5      | Reached XP level 8. HP: 41/41 MP: 14/16
  5187 | D:5      | Reached skill level 3 in Conjurations
  5650 | D:5      | Found an ancient bone altar of Kikubaaqudgha.
  5652 | D:5      | Found a glowing silver altar of Zin.
  5792 | D:5      | Identified a scroll of acquirement
  5792 | D:5      | Acquired the +3 warlock's mirror {omnireflect}
  5792 | D:5      | Found the +3 warlock's mirror {omnireflect}
  5857 | D:6      | Found Qualeb's Distillery.
  5865 | D:6      | Bought a potion of heal wounds for 70 gold pieces
  6007 | D:6      | Reached skill level 1 in Shields
  6171 | D:6      | Reached skill level 4 in Conjurations
  6665 | D:6      | Reached skill level 5 in Conjurations
  6699 | D:6      | Reached XP level 9. HP: 45/45 MP: 11/18
  7303 | D:6      | Reached skill level 6 in Conjurations
  7575 | D:7      | Found a staircase to the Ecumenical Temple.
  7639 | Temple   | Entered the Ecumenical Temple
  7772 | Temple   | Became a worshipper of Vehumet
  8110 | D:7      | Reached skill level 7 in Conjurations
  8950 | D:8      | Identified the ring "Denuk" {rElec rF+ rC+++ rN++ Str-3}
  9023 | D:8      | Reached XP level 10. HP: 50/50 MP: 16/20
  9261 | D:8      | Reached skill level 8 in Conjurations
  9592 | D:8      | Reached * piety under Vehumet
  9592 | D:8      | Offered knowledge of Foxfire by Vehumet.
  9644 | D:8      | Reached skill level 10 in Earth Magic
  9664 | D:9      | Reached skill level 5 in Shields
  9982 | D:8      | Learned a level 5 spell: Irradiate
 10099 | D:9      | Acquired a staff of conjuration
 10394 | D:9      | Reached skill level 9 in Conjurations
 10775 | D:9      | Noticed a two-headed ogre
 10779 | D:9      | Killed a two-headed ogre
 10906 | D:9      | Reached ** piety under Vehumet
 10906 | D:9      | Offered knowledge of Momentum Strike by Vehumet.
 10958 | D:9      | Reached XP level 11. HP: 54/54 MP: 10/23
 11040 | D:9      | Gained mutation: Your mind is acute. (Int +4, Str/Dex -1)
                  | [a neqoxec]
 11056 | D:9      | Offered knowledge of Scorch by Vehumet.
 11057 | D:9      | Reached skill level 10 in Conjurations
 11341 | D:9      | Found an ancient bone altar of Kikubaaqudgha.
 11672 | D:10     | Entered Level 10 of the Dungeon
 11793 | D:10     | Noticed a two-headed ogre
 11799 | D:10     | Killed a two-headed ogre
 11802 | D:10     | Reached *** piety under Vehumet
 11947 | D:10     | Noticed a fire dragon
 12167 | D:10     | Noticed an eight-headed hydra
 12181 | D:10     | Killed an eight-headed hydra
 12182 | D:10     | Reached skill level 11 in Conjurations
 12203 | D:10     | Noticed a cyclops
 12286 | D:10     | Killed a cyclops
 12322 | D:10     | Noticed a skeletal warrior
 12387 | D:10     | Killed a fire dragon
 12612 | D:10     | Noticed a centaur warrior
 12618 | D:10     | Killed a centaur warrior
 12636 | D:10     | Noticed Josephine
 12642 | D:10     | Killed Josephine
 12751 | D:10     | Noticed a manticore
 12754 | D:10     | Killed a manticore
 12755 | D:10     | Reached XP level 12. HP: 56/59 MP: 15/25
 12798 | D:10     | Reached skill level 12 in Conjurations
 12860 | D:9      | Offered knowledge of Ignite Poison by Vehumet.
 13107 | D:10     | Noticed a two-headed ogre
 13112 | D:10     | Killed a two-headed ogre
 13524 | D:10     | Noticed an ice dragon
 13530 | D:10     | Killed an ice dragon
 13660 | D:10     | Found Heose's Assorted Antiques.
 13665 | D:10     | Found a staircase to the Lair.
 13665 | D:10     | Noticed a two-headed ogre
 13670 | D:10     | Killed a two-headed ogre
 13784 | D:10     | Bought a scroll of blinking for 240 gold pieces
 13905 | D:10     | Learned a level 7 spell: Orb of Destruction
 13925 | D:10     | Noticed a two-headed ogre
 13930 | D:10     | Killed a two-headed ogre
 13931 | D:10     | Reached skill level 13 in Conjurations
 14376 | D:10     | Found a staircase to the Orcish Mines.
 14383 | D:10     | Reached **** piety under Vehumet
 14668 | Lair:1   | Entered Level 1 of the Lair of Beasts
 14842 | Lair:1   | Offered knowledge of Lee's Rapid Deconstruction by Vehumet.
 14849 | Lair:1   | Learned a level 5 spell: Lee's Rapid Deconstruction
 15424 | Lair:1   | Acquired the +0 pair of boots "Lyr Ruan" {Dex+4}
 16015 | Lair:2   | Found a hole to the Spider Nest.
 16045 | Lair:2   | Noticed a four-headed hydra
 16048 | Lair:2   | Killed a four-headed hydra
 16051 | Lair:2   | Reached skill level 10 in Spellcasting
 16051 | Lair:2   | Reached XP level 13. HP: 63/63 MP: 14/27
 16471 | Lair:2   | Reached skill level 14 in Conjurations
 16702 | Lair:2   | Found a runed translucent gate.
 16703 | Lair:2   | Found a runed translucent gate.
 16703 | Lair:2   | Found a runed translucent gate.
 16709 | Lair:2   | Noticed BlueFish's ghost (journeyman OpFi)
 17357 | Lair:2   | Found a staircase to the Shoals.
 17920 | Lair:3   | Reached ***** piety under Vehumet
 17921 | Lair:3   | Reached skill level 10 in Shields
 17930 | Lair:3   | Offered knowledge of Flame Wave by Vehumet.
 18184 | Lair:3   | Identified the +0 robe "Voojoe" {Will+}
 19968 | Lair:4   | Reached skill level 15 in Conjurations
 20309 | Lair:4   | Gained mutation: Your large and strong wings let you fly.
                  | [Gargoyle growth]
 20309 | Lair:4   | Reached XP level 14. HP: 32/68 MP: 13/28
 20653 | Lair:5   | Entered Level 5 of the Lair of Beasts
 20663 | Lair:4   | Gained mutation: You are vulnerable to cold. (rC-)
                  | [mutagenic glow]
 21631 | Lair:5   | Identified the +3 scale mail of Jayt {rF+ rC+ Dex+2 SInv}
 21756 | Lair:5   | Offered knowledge of Fireball by Vehumet.
 21812 | Lair:5   | Learned a level 5 spell: Fireball
 21875 | Lair:5   | Reached skill level 16 in Conjurations
 21932 | Lair:5   | Found a large runed translucent door.
 21933 | Lair:5   | Found a large runed translucent door.
 22649 | Lair:5   | Found a staircase to the Slime Pits.
 23256 | Orc:1    | Entered Level 1 of the Orcish Mines
 23260 | Orc:1    | Noticed Erolcha
 23275 | Orc:1    | Slain by Erolcha

Illustrated notes

Levels and vault maps discovered:
D:1:      evilmike_arrival_rings, layout_loops_corners, serial_shops, shop
D:2:      layout_basic, serial_forest, infiniplex_forest_clump_curved,
          infiniplex_forest_clump_medium, infiniplex_forest_clump_curved,
          infiniplex_forest_pool, infiniplex_forest_lined_room_3,
          infiniplex_forest_zigzag_1, infiniplex_forest_lined_room_2,
          infiniplex_forest_straight_2, infiniplex_forest_clump_medium,
          minmay_misc_feat_cross
D:3:      layout_basic, gammafunk_ghost_icy, cheibrodos_sewer_entry_sluice,
          solitary_fountain
D:4:      layout_basic, kennysheep_another_room
D:5:      layout_basic, nicolae_overflow_hidden_temple, nrook_mini_vaults,
          hangedman_decor_slide_cut, small_statue_alley_b, minivault_5
D:6:      layout_basic, serial_undead, serial_undead_e, serial_undead_c,
          serial_undead_f, serial_undead_c, serial_undead_d, serial_shops, shop,
          kennysheep_generic_room_6
D:7:      layout_basic, minmay_temple_entry_junction
D:8:      layout_rooms
D:9:      wander_kiku_kobolds, layout_basic
D:10:     minmay_the_grid_3x3 [minmay_the_grid_expand, minmay_the_grid_dragon_b,
          minmay_the_grid_minigrid_large, minmay_the_grid_odd_star,
          minmay_the_grid_dragon_a, minmay_the_grid_minigrid_small,
          minmay_the_grid_tiny_cups, minmay_the_grid_mess,
          minmay_the_grid_prize_inner_circle], layout_cave_pools, erik_orc_1,
          serial_shops, shop, dk_vineyard_1, minmay_protected_statue,
          uniq_josephine
Temple:   mainiacjoe_temple_coin_purse
Lair:1:   layout_long_grid, cheibrodos_lair_caveside_slide,
          nicolae_lair_grove_arrangements
Lair:2:   layout_small_grid, elwin_shoals_entry_rooms,
          nicolae_spider_entry_non_spiders, gammafunk_ghost_split,
          nicolae_quartered_pool_super, kennysheep_rathole
Lair:3:   layout_cave_pods, serial_bayou_shore_b, lemuel_fruit_tree
Lair:4:   layout_gridlike
Lair:5:   cheibrodos_lair_end_hotspot, layout_gridlike, slime_entry_1,
          minmay_lair_drake_nest, serial_bayou_shore_a
Orc:1:    layout_diamond_mine, uniq_erolcha

Skill      XL: |  1  2  3  4  5  6  7  8  9 10 11 12 13 14 |
---------------+-------------------------------------------+-----
Earth Magic    | 4 5 6 7 8 9 10 12 13 14 | 14.7
Spellcasting   | 3 4 5 6 7 8 9 10 11 | 11.3
Conjurations   | 2 5 7 9 11 13 15 16 | 16.2
Ranged Weapons | 1 2 |  2.1
Shields        | 2 4 6 8 9 10 11 | 11.4
Dodging        | |  1.5
Stealth        | |  2.1
Transmutations | |  0.7

Action                     |  1- 3 |  4- 6 |  7- 9 | 10-12 | 13-15 || total
---------------------------+-------+-------+-------+-------+-------++-------
  Melee: Unarmed           |     2 |       |       |       |       ||     2
         Dagger            |       |     3 |       |       |       ||     3
         Staff             |       |       |       |    10 |       ||    10
   Fire: Sling             |       |    27 |   127 |    20 |       ||   174
   Cast: Sandblast         |    45 |    98 |    80 |   187 |    67 ||   477
         Stone Arrow       |       |       |    70 |   211 |   142 ||   423
         Irradiate         |       |       |       |     9 |    34 ||    43
         Lee's Rapid Decon |       |       |       |     6 |    18 ||    24
         Orb of Destructio |       |       |       |     1 |     8 ||     9
         Fireball          |       |       |       |       |    26 ||    26
  Evoke: Wand              |       |       |       |    10 |     5 ||    15
    Use: Potion            |     1 |       |     2 |     4 |       ||     7
         Scroll            |       |     6 |    13 |    13 |    10 ||    42
 Armour: Robe              |     7 |    38 |    31 |    74 |    40 ||   190
  Dodge: Dodged            |     7 |    52 |    41 |   113 |    44 ||   257
  Block: Buckler           |       |       |    10 |   179 |   103 ||   292
         Reflection        |       |       |     1 |    33 |     4 ||    38

Table legend: (Time is in decaauts)
 A = Elapsed time spent in this place.
 B = Non-inter-level travel time spent in this place.
 C = Inter-level travel time spent in this place.
 D = Time resting spent in this place.
 E = Time spent auto-exploring this place.
 F = Levels seen in this place.
 G = Mean time per level.
                   A        B        C        D        E       F      G
               +--------+--------+--------+--------+--------+-----+--------+
         Total |  23714 |  22764 |    950 |   5462 |  14206 |  18 | 1317.4 |
       Dungeon |  14116 |  13600 |    516 |   2862 |   8752 |  10 | 1411.6 |
        Temple |    146 |    113 |     33 |      0 |     96 |   1 |  146.0 |
          Lair |   8605 |   8205 |    400 |   2545 |   4809 |   5 | 1721.0 |
  Orcish Mines |     19 |     19 |      0 |      2 |      2 |   1 |   19.0 |
         Sewer |    827 |    827 |      0 |     53 |    546 |   1 |  827.0 |
               +--------+--------+--------+--------+--------+-----+--------+

Top non-repeatable levels by time:
     D:9: 2536 daAuts
    D:10: 2427 daAuts
  Lair:5: 2165 daAuts
  Lair:3: 1980 daAuts
  Lair:2: 1919 daAuts
     D:6: 1437 daAuts
     D:7: 1401 daAuts
  Lair:1: 1369 daAuts
  Lair:4: 1170 daAuts
     D:5: 1168 daAuts
     D:3: 1134 daAuts
     D:1: 1102 daAuts
     D:2: 1077 daAuts
     D:8: 1063 daAuts
   Sewer: 827 daAuts
